 Dungeon Crawl Stone Soup version 0.21-a0-538-gd16b88a (webtiles) character file.

2571 Megalobster the Cleaver (level 9, -4/120 HPs)
             Began as a Minotaur Berserker on Dec 5, 2017.
             Was an Elder of Trog.
             Slain by Salmacis's ghost (14 damage)
             ... on level 7 of the Dungeon on Dec 15, 2017.
             The game lasted 00:18:15 (6815 turns).

Megalobster the Cleaver (Minotaur Berserker)        Turns: 6815, Time: 00:18:16

Health: -4/120     AC: 25    Str: 21 (24) XL:     9   Next: 32%
Magic:  5/8        EV:  2    Int:  4 (5)  God:    Trog [****..]
Gold:   459        SH:  0    Dex:  9 (10) Spells: 8/8 levels left

rFire    . . .     SeeInvis .   K - +2 short sword "Roac" {freeze, +Inv} (curse)
rCold    . . .     Gourm    +   (no shield)
rNeg     + + +     Faith    .   (armour currently unavailable)
rPois    +         Spirit   .   (helmet currently unavailable)
rElec    .         Reflect  .   (cloak currently unavailable)
rCorr    .         Harm     .   (gloves currently unavailable)
MR       ++...     NoTele   +   (boots currently unavailable)
Stlth    ..........             m - amulet of the gourmand
HPRegen  1.30/turn              l - ring of loudness (curse)
MPRegen  0.11/turn              R - +1 ring of protection

@: lethally poisoned (-4 -> -4), tree-form, berserk cooldown, regenerating
A: (retaliatory headbutt)
a: Berserk, Trog's Hand, Brothers in Arms, Burn Spellbooks, Renounce Religion,
Evoke Invisibility


You were on level 7 of the Dungeon.
You worshipped Trog.
Trog was greatly pleased with you.
You were full.
You were a tree.
You visited 1 branch of the dungeon, and saw 7 of its levels.

You collected 459 gold pieces.

Inventory:

Hand Weapons
 a - a +1 hand axe
 n - a cursed -1 spear
 x - a +0 hunting sling
 E - a +1 halberd of flaming
 I - a +0 morningstar
 K - the cursed +2 short sword "Roac" (weapon) {freeze, +Inv}
   (You found it on level 5 of the Dungeon)

   It has been specially enchanted to freeze those struck by it, causing extra
   injury to most foes and up to half again as much damage against particularly
   susceptible opponents.
   It can also slow down cold-blooded creatures.
   It lets you turn invisible.
   It has a curse placed upon it.
 M - a cursed -2 flail
Missiles
 d - 251 stones (quivered)
 g - 5 tomahawks of returning
 k - 76 sling bullets
 P - 3 tomahawks
Armour
 b - a +0 animal skin
 h - a +1 pair of boots (melded)
 q - a cursed +0 pair of gloves (melded)
 v - a +0 cloak
 F - a +0 chain mail
 J - a cursed +0 chain mail (melded)
 U - a scarf of spirit shield (melded)
Jewellery
 f - an uncursed amulet of regeneration {unknown}
 l - a cursed ring of loudness (left branch)
 m - an amulet of the gourmand (around neck)
 u - an uncursed ring of magical power
 H - an uncursed ring of fire {unknown}
 Q - an uncursed ring of magical power
 R - a +1 ring of protection (right branch)
Wands
 s - a wand of enslavement (18)
 O - a wand of acid (7)
 T - a wand of clouds (7)
Scrolls
 e - 2 scrolls of magic mapping
 i - a scroll of teleportation
 o - a scroll of fear
 w - a scroll of fog
 y - a scroll of amnesia
 L - 2 scrolls of identify
Potions
 j - 2 potions of flight
 p - 2 potions of haste
 r - 5 potions of curing
 A - a potion of degeneration
 G - 2 potions of heal wounds {unknown}
 N - a potion of mutation {unknown}
 S - a potion of ambrosia {unknown}
Comestibles
 c - 3 bread rations
 t - 5 meat rations
 z - 6 fruits
 B - 3 royal jellies


   Skills:
 + Level 7.7 Fighting
 * Level 10.2 Axes
 + Level 7.2 Armour
 + Level 6.5 Dodging


You had 8 spell levels left.
You didn't know any spells.

Dungeon Overview and Level Annotations

Branches:
Dungeon (7/15)             Temple (0/1) D:5

Altars:
Wu Jian
The Shining One

Shops:
D:5 (

Annotations:
D:7 Salmacis's ghost, novice GnWn


Innate Abilities, Weirdness & Mutations

((You reflexively headbutt those who attack you in melee.))
((You have a pair of horns on your head.))


Message History

Your +1 ring of protection unmelds from your body.
The cursed +2 short sword "Roac" {freeze, +Inv} glows with a cold blue light!
You feel spirits watching over you.
You feel yourself speed up.
You feel yourself slow down.
You float gracefully downwards.
Salmacis's ghost hits you but does no damage.
Your skin crawls.
You feel resistant to hostile enchantments.
You feel somewhat less full. Salmacis's ghost hits you.
* * * LOW HITPOINT WARNING * * *
You are poisoned.
You turn into a tree.
Your scarf of spirit shield melds into your body.
Your cursed +0 pair of gloves melds into your body.
Your +1 pair of boots melds into your body.
Your cursed +0 chain mail melds into your body.
You feel strangely alone.
Your roots penetrate the ground.
You feel sick.
Salmacis's ghost hits you but does no damage.
You are electrocuted!
You die...

#.....## ##.#
##...## ..# #.#
##'## ..# #.# #.#
..# #####.#### #.#
#.# #........#
##.########## #<#
#.###.##.#
##...........# #.#
#.##.#
#.....######.# #W#
#..... ##....####
#.# #♣# ####.#
.........###.###.#
#.#
#####.##.........#
#.# #.######.#####
..# #........# ###
########## #


You could see Salmacis's ghost.

Vanquished Creatures
  An ugly thing (D:7)
  Grinder (D:6)
  Prince Ribbit (D:6)
  An ice beast (D:5)
  An orc warrior (D:7)
  2 sky beasts
  An ogre (D:5)
  A centaur (D:7)
  A gnoll sergeant (D:7)
  A water moccasin zombie (D:7)
  2 scorpions (D:5)
  A howler monkey (D:5)
  2 crimson imps (D:7)
  A quasit (D:7)
  4 hounds
  A centaur skeleton (D:6)
  2 orc priests
  A gnoll shaman (D:7)
  3 orc wizards
  2 bullfrog skeletons
  Jessica (D:2)
  3 iguanas
  3 worker ants
  Robin (D:2)
  13 gnolls
  9 adders
  An ooze (D:3)
  3 adder zombies
  An adder skeleton (D:4)
  5 leopard geckos
  9 orcs
  9 giant cockroaches
  14 goblins
  13 hobgoblins
  11 jackals (D:3)
  6 quokkas
  A ball python (D:3)
  7 bats
  4 frilled lizards
  A jackal skeleton (D:7)
  5 kobolds
  A leopard gecko skeleton (D:7)
  12 rats
163 creatures vanquished.

Notes
Turn   | Place    | Note
-------+----------+-------------------------------------------
     0 | D:1      | Megalobster the Minotaur Berserker began the quest for the Orb.
     0 | D:1      | Reached XP level 1. HP: 19/19 MP: 0/0
     1 | D:1      | Upgraded the game from 0.21-a0-521-g1cd18d1 to 0.21-a0-538-gd16b88a
    38 | D:1      | Reached XP level 2. HP: 26/27 MP: 1/1
    47 | D:1      | Reached skill level 4 in Axes
   373 | D:1      | Reached ** piety under Trog
   685 | D:2      | Reached XP level 3. HP: 26/33 MP: 2/2
   689 | D:2      | Noticed Robin
   697 | D:2      | Killed Robin
   923 | D:2      | Found an ornate altar of the Wu Jian Council.
   998 | D:2      | Reached XP level 4. HP: 30/40 MP: 3/3
  1282 | D:2      | Noticed Jessica
  1291 | D:2      | Killed Jessica
  1291 | D:2      | Reached skill level 5 in Axes
  1756 | D:3      | Reached XP level 5. HP: 42/47 MP: 4/4
  1788 | D:3      | Reached *** piety under Trog
  2142 | D:3      | Found a faded altar of an unknown god.
  2148 | D:3      | Reached XP level 6. HP: 55/55 MP: 5/5
  2464 | D:4      | Reached skill level 6 in Axes
  2975 | D:4      | Reached skill level 5 in Fighting
  3540 | D:5      | Entered Level 5 of the Dungeon
  3540 | D:5      | Found a staircase to the Ecumenical Temple.
  3576 | D:5      | Got a dazzling short sword
  3969 | D:5      | Reached XP level 7. HP: 43/61 MP: 6/6
  4181 | D:5      | Found Maesik's Weapon Shoppe.
  4292 | D:5      | Reached skill level 7 in Axes
  4407 | D:5      | Reached skill level 5 in Armour
  4674 | D:5      | Found a glowing golden altar of the Shining One.
  4983 | D:6      | Noticed Grinder
  4996 | D:6      | Killed Grinder
  4996 | D:6      | Reached skill level 8 in Axes
  4996 | D:6      | Reached skill level 5 in Dodging
  4996 | D:6      | Reached XP level 8. HP: 71/71 MP: 7/7
  5052 | D:6      | Identified the cursed +2 short sword "Roac" {freeze, +Inv} (You found it on level 5 of the Dungeon)
  5180 | D:6      | Noticed Prince Ribbit
  5195 | D:6      | Killed Prince Ribbit
  5197 | D:6      | Reached **** piety under Trog
  5201 | D:6      | Reached skill level 9 in Axes
  6016 | D:7      | Reached XP level 9. HP: 50/79 MP: 8/8
  6336 | D:7      | Noticed a red ugly thing
  6352 | D:7      | Killed a red ugly thing
  6352 | D:7      | Reached skill level 10 in Axes
  6765 | D:7      | Noticed Salmacis's ghost (novice GnWn)
  6815 | D:7      | Slain by Salmacis's ghost

Vault maps used:
D:1:      dpeg_arrival_lava_temple_mockup
D:2:      marbit_many_paths, uniq_jessica, uniq_robin
D:3:      first_bread, chequers_ecumenical_altar_lobes
D:5:      temple_pool_b, serial_shops, shop, tso_metal_star
D:6:      uniq_prince_ribbit1, uniq_grinder

Skill      XL: |  1  2  3  4  5  6  7  8  9 |
---------------+----------------------------+-----
Axes           | 4 5 6 8 9 10 | 10.2
Fighting       | 4 5 6 7 |  7.7
Armour         | 3 4 5 6 7 |  7.2
Dodging        | 3 4 5 6 |  6.5

Action                   |  1- 3 |  4- 6 |  7- 9 || total
-------------------------+-------+-------+-------++-------
Melee: Hand axe          |    71 |   143 |    54 ||   268
       Headbutt          |    11 |    26 |    40 ||    77
       Short sword       |       |       |   168 ||   168
Throw: Stone             |       |     2 |     8 ||    10
Invok: Berserk           |     1 |     4 |     9 ||    14
       Trog's Hand       |       |     1 |     5 ||     6
  Use: Scroll            |       |       |     8 ||     8
       Potion            |       |       |     7 ||     7
  Eat: Chunk             |    22 |    16 |    16 ||    54
Armor: Animal skin       |    10 |    36 |    14 ||    60
       Chain mail        |       |       |   123 ||   123
       Skin              |       |       |     1 ||     1
Dodge: Dodged            |    52 |    91 |   124 ||   267

Table legend:
 A = Spawn XP
 B = Non-spawn XP
 C = Spawn XP percentage of total XP
 D = Spawn monster count
 E = Non-spawn monster count
 F = Spawn count percentage of total count
 G = Total turns spent on level
                    A         B        C        D         E        F      G
               +---------+---------+-------+---------+---------+-------+---------
         Total |       0 |    3674 |   0.0 |       0 |     163 |   0.0 |  6815
               +---------+---------+-------+---------+---------+-------+---------
           D:1 |       0 |      40 |   0.0 |       0 |      24 |   0.0 |   676
           D:2 |       0 |     141 |   0.0 |       0 |      26 |   0.0 |   919
           D:3 |       0 |     212 |   0.0 |       0 |      44 |   0.0 |   773
           D:4 |       0 |     173 |   0.0 |       0 |      11 |   0.0 |  1516
           D:5 |       0 |     649 |   0.0 |       0 |      11 |   0.0 |   891
           D:6 |       0 |     982 |   0.0 |       0 |      18 |   0.0 |   535
           D:7 |       0 |    1477 |   0.0 |       0 |      29 |   0.0 |  1505
               +---------+---------+-------+---------+---------+-------+---------
